 Dungeon Crawl Stone Soup version 0.31-a0-1057-g70f3316b05 (webtiles) character file.

Game seed: 11604535366155891562

134 Ifr the Chiller (level 5, -4/35 HPs)
             Began as a Barachi Ice Elementalist on Nov 20, 2023.
             Slain by an orc
             ... wielding a +0 trident
              (6 damage)
             ... on level 3 of the Dungeon on Nov 21, 2023.
             The game lasted 00:07:25 (2771 turns).

Ifr the Chiller (Barachi Ice Elementalist)          Turns: 2771, Time: 00:07:26

Health: -4/35      AC:  9    Str: 15    XL:     5   Next: 17%
Magic:  7/9        EV: 12    Int: 16    God:
Gold:   189        SH:  0    Dex: 18    Spells: 3/10 levels left

rFire   . . .        w - +6 trident of Purpose {flame, Dex+4}
rCold   . . .        (no shield)
rNeg    + . .        a - +0 robe
rPois   .            s - +0 helmet
rElec   .            (no cloak)
rCorr   .            (no gloves)
SInv    .            (no boots)
Will    .....        (no amulet)
Stlth   ++           l - +6 ring of strength
HPRegen 0.25/turn    o - ring of positive energy
MPRegen 0.11/turn

%: no passive effects
@: ice-armoured, slow
A: amphibious, slowness 1, strong legs 1, +LOS
a: Hop


You were on level 3 of the Dungeon.
You visited 1 branch of the dungeon, and saw 4 of its levels.

You collected 189 gold pieces.

Inventory:

Hand Weapons
 c - a +0 dagger
 h - a +0 rapier
 t - a +0 falchion
 w - the +6 trident of Purpose (weapon) {flame, Dex+4}
   (You found it on level 4 of the Dungeon)

   Dex+4:     It affects your dexterity (+4).
Missiles
 d - 6 atropa-tipped darts (quivered)
 g - 5 poisoned darts
Armour
 a - a +0 robe (worn)
 s - a +0 helmet (worn)
Jewellery
 f - a ring of positive energy
 l - a +6 ring of strength (left hand)
 o - a ring of positive energy (right hand)
Scrolls
 i - a scroll of amnesia {unknown}
 k - a scroll of enchant armour {unknown}
 m - a scroll of teleportation {unknown}
 p - a scroll of vulnerability {unknown}
 u - a scroll of blinking {unknown}
 y - a scroll of fear {unknown}
Potions
 b - a potion of magic
 e - 2 potions of degeneration
 j - 2 potions of haste
 n - 2 potions of attraction {unknown}
 r - 3 potions of enlightenment {unknown}
 v - a potion of berserk rage {unknown}
 x - a potion of lignification {unknown}
 z - a potion of heal wounds {unknown}


   Skills:
 - Level 2.1 Dodging
 - Level 1.7 Stealth
 + Level 3.3 Spellcasting
 - Level 7.0 Ice Magic


You had 3 spell levels left.
You knew the following spells:

 Your Spells              Type           Power      Damage    Failure   Level
a - Freeze                Ice            100%       1d10      1%          1
b - Frozen Ramparts       Ice            50%        1d8       3%          3
c - Ozocubu's Armour      Ice            25%        N/A       3%          3

Your spell library contained the following spells:

 Spells                   Type           Power      Damage    Failure   Level
 Summon Ice Beast         Ice/Summ       13%        N/A       41%         4


Dungeon Overview and Level Annotations

Branches:
Dungeon (4/15)
 Temple: D:4-7

Altars:

Shops:
D:3 [


Innate Abilities, Weirdness & Mutations

You are amphibious.
You cover ground slowly.
You can hop short distances.
You have an extended range of vision and can be seen from far away.


Message History

An orc is nearby!
An orc is nearby!
An orc is nearby!
You're too confused to aim your attacks!
You are too confused!
You are too confused!
You are too confused!
An orc is nearby!
Okay, then.
An orc is nearby!
An orc is nearby!
An orc is nearby!
You are too confused!
You bump into the tree.
You start resting.
An orc is nearby!
You start resting.
An orc is nearby!
You're too confused to aim your attacks!
Unknown command.
You hit something. You burn something. Something hits you but does no damage.
The orc hits you from afar with a +0 trident.
* * * LOW HITPOINT WARNING * * *
You bump into the tree.
Something hits you.
* * * LOW HITPOINT WARNING * * *
The orc closely misses you.
You feel better.
You hear some strange, mumbled words.
You are confused.
The orc completely misses you.
You feel better.
You hear a zap.
An iceblast appears from out of thin air!
The mass of ice explodes!
The iceblast engulfs you!
* * * LOW HITPOINT WARNING * * *
The iceblast engulfs something!
Reactivating autopickup.
You feel a bit more experienced.
The orc hits you from afar with a +0 trident.
You die...

♣ .♣ .♣ ♣ ♣.
#### ♣. o♣♣
#####...
♣.♣♣ ♣)♣
#####.......
♣.. ♣@♣♣
#......#####
♣.♣♣♣♣♣♣♣
♣♣.♣
####..###..#
♣..♣♣...♣♣
♣.♣♣
#....###....
♣..♣.♣♣.♣♣
♣♣.♣
###..##...#.
♣♣♣.♣.♣♣♣♣.♣
♣.♣
#(.#....##
♣♣♣♣...♣♣♣
♣.♣♣♣♣.♣
#..#..##.#
♣.♣.♣.♣♣
♣.♣♣...♣
#..##÷÷##.
...♣♣♣♣
♣♣.....♣♣
#..##...##
.♣♣♣
♣....†♣♣
#.........


You could see an orc.

Vanquished Creatures
  A hound (D:3)
  An orc wizard (D:3)
  A gnoll (D:2)
  3 adders
  A dart slug (D:1)
  2 orcs (D:3)
  4 ball pythons
  An endoplasm (D:3)
  4 giant cockroaches
  7 goblins
  3 hobgoblins
  A quokka (D:1)
  4 frilled lizards
  3 kobolds
  6 rats
42 creatures vanquished.

Vanquished Creatures (others)
  An orc wizard (D:3)
1 creature vanquished.

Grand Total: 43 creatures vanquished

Notes
Turn   | Place    | Note
-------+----------+-------------------------------------------
     0 | D:1      | Ifr the Barachi Ice Elementalist began the quest for the
                  | Orb.
     0 | D:1      | Reached XP level 1. HP: 13/13 MP: 3/3
    85 | D:1      | Reached skill level 5 in Ice Magic
   309 | D:1      | Reached XP level 2. HP: 19/19 MP: 5/5
   335 | D:1      | Found a faded altar of an unknown god.
  1248 | D:2      | Reached skill level 6 in Ice Magic
  1248 | D:2      | Reached XP level 3. HP: 22/24 MP: 3/6
  1801 | D:2      | Learned a level 3 spell: Frozen Ramparts
  2089 | D:3      | Reached XP level 4. HP: 27/30 MP: 1/7
  2148 | D:3      | Identified the ring of Leoremeu {Ice +Blink MP+9 Stlth+}
  2304 | D:3      | HP: 1/30 [gnoll/+0 spear (5)]
  2440 | D:4      | Identified the +6 trident of Purpose {flame, Dex+4}
  2448 | D:4      | Reached skill level 7 in Ice Magic
  2465 | D:3      | Found Mistraru's Armour Boutique.
  2535 | D:3      | Learned a level 3 spell: Ozocubu's Armour
  2764 | D:3      | Reached XP level 5. HP: 15/35 MP: 6/9
  2771 | D:3      | Slain by an orc

Illustrated notes

Levels and vault maps discovered:
D:1:      eino_arrival_cavern_a, layout_loops_corners,
          chequers_ecumenical_altar_lobes
D:2:      layout_basic, minmay_fountain_box
D:3:      kb_forest_paths, layout_loops_ring, serial_shops,
          nicolae_shop_waterfront, minmay_cupped
D:4:      layout_rooms, uniq_eustachio

Skill      XL: |  1  2  3  4 |
---------------+-------------+-----
Ice Magic      | 5 6 7 |  7.0
Spellcasting   | 3 |  3.3
Dodging        | |  2.1
Stealth        | |  1.7

Action                     |  1- 3 |  4- 6 || total
---------------------------+-------+-------++-------
  Melee: Dagger            |    14 |       ||    14
         Unarmed           |     3 |       ||     3
         Trident           |       |    25 ||    25
         Falchion          |       |     5 ||     5
   Cast: Freeze            |    50 |     3 ||    53
         Frozen Ramparts   |       |     2 ||     2
         Ozocubu's Armour  |       |     1 ||     1
Ability: Hop               |       |     1 ||     1
    Use: Scroll            |     3 |       ||     3
         Potion            |       |     2 ||     2
   Stab: Sleeping          |     4 |     4 ||     8
 Armour: Robe              |    30 |    32 ||    62
  Dodge: Dodged            |    39 |    14 ||    53

Table legend: (Time is in decaauts)
 A = Elapsed time spent in this place.
 B = Non-inter-level travel time spent in this place.
 C = Inter-level travel time spent in this place.
 D = Time resting spent in this place.
 E = Time spent auto-exploring this place.
 F = Levels seen in this place.
 G = Mean time per level.
                   A        B        C        D        E       F      G
               +--------+--------+--------+--------+--------+-----+--------+
         Total |   3126 |   3023 |    103 |    461 |   1889 |   4 |  781.5 |
       Dungeon |   3126 |   3023 |    103 |    461 |   1889 |   4 |  781.5 |
               +--------+--------+--------+--------+--------+-----+--------+

Top non-repeatable levels by time:
     D:1: 1284 daAuts
     D:2: 922 daAuts
     D:3: 759 daAuts
     D:4: 159 daAuts
